 Dungeon Sprint DCSS version 0.21-a0-286-g6fcecc0 (webtiles) character file.

595 potatolord6000 the Blocker (level 7, -4/57 HPs)
             Began as a Formicid Fighter on Sept 27, 2017.
             Was a Follower of Hepliaklqana.
             Slain by a six-headed hydra (5 damage)
             ... in the Dungeon (Sprint IX: "|||||||||||||||||||||||||||||").
             The game lasted 00:01:31 (254 turns).

potatolord6000 the Blocker (Formicid Fighter)        Turns: 254, Time: 00:01:32

Health: -4/57      AC: 10    Str: 26    XL:     7   Next: 67%
Magic:  7/7        EV: 10    Int:  7    God:    Hepliaklqana [*.....]
Gold:   0          SH: 12    Dex: 13    Spells: 6/6 levels left

rFire    . . .     SeeInvis +   h - +0 lajatang
rCold    . . .     Gourm    .   c - +0 shield
rNeg     . . .     Faith    .   j - +1 scale mail
rPois    .         Spirit   .   (helmet unavailable)
rElec    .         Reflect  .   a - +0 cloak
rCorr    .         Harm     .   (no gloves)
MR       .....                  (no boots)
Stlth    ..........             (no amulet)
HPRegen  0.19/turn              b - +3 ring of strength
MPRegen  0.10/turn              k - +3 ring of dexterity

@: no status effects
A: permanent stasis, dig shafts and tunnels, four strong arms, reduced essence,
antennae 3
a: Dig, Recall Ancestor, Ancestor Identity, Renounce Religion


You were in the Dungeon.
You worshipped Hepliaklqana.
Hepliaklqana was aware of your devotion.
You were not hungry.

You visited 1 branch

Inventory:

Hand Weapons
 h - a +0 lajatang (weapon)
Armour
 a - a +0 cloak (worn)
 c - a +0 shield (worn)
 j - a +1 scale mail (worn)
Jewellery
 b - a +3 ring of strength (left hand)
 k - a +3 ring of dexterity (right hand)
Scrolls
 l - 3 scrolls of remove curse
 m - 2 scrolls of amnesia
Potions
 d - a potion of invisibility
 e - 4 potions of curing
 g - 3 potions of heal wounds
 i - 4 potions of magic
Comestibles
 f - a bread ration


   Skills:
 + Level 9.1 Fighting
 + Level 8.0 Staves
 + Level 9.1 Armour
 + Level 10.0 Shields


You had 6 spell levels left.
You didn't know any spells.

Dungeon Overview and Level Annotations

Branches:
Dungeon (1/1)

Altars:
Cheibriados
Dithmenos
Elyvilon
Fedhas
Gozag
Hepliaklqana
Kikubaaqudgha
Makhleb
Nemelex Xobeh
Okawaru
Qazlal
Ru
Sif Muna
Trog
Uskayaw
Vehumet
Wu Jian
Xom
Yredelemnul
Zin
The Shining One
Beogh
Jiyva
Lugonu


Innate Abilities, Weirdness & Mutations

You cannot be hasted, slowed, berserked, paralysed or teleported.
You can dig through walls and to a lower floor.
Your four strong arms can wield two-handed weapons with a shield.
You have a pair of large antennae on your head. (SInv)
Your life essence is reduced to manifest your ancestor. (-10% HP)


Message History

The five-headed hydra bites you.
The five-headed hydra bites you but does no damage.
The five-headed hydra bites you!
You slice one of the five-headed hydra's heads off!
The four-headed hydra grows two more!
You hit the six-headed hydra.
The six-headed hydra is lightly wounded.
The six-headed hydra bites you!
You block the six-headed hydra's attack.
The six-headed hydra completely misses you.
The six-headed hydra bites you! x2
* * * LOW HITPOINT WARNING * * *
The six-headed hydra bites you but does no damage.
Unknown command.
You barely miss the six-headed hydra.
The six-headed hydra is lightly wounded.
The six-headed hydra bites you!
* * * LOW HITPOINT WARNING * * *
You block the six-headed hydra's attack.
The six-headed hydra bites you.
You die... {{{{{{{{ ▓▓▓▓▓▓▓▓▓▓▓▓▓▓▓▓▓▓▓▓▓▓▓▓ .HYYKZD@R...()..[[.(/..' ▓▓▓▓▓▓▓▓▓▓▓▓▓▓▓▓▓▓▓▓▓▓▓▓

You could see the friendly Friðuswiþ the ancestor, a six-headed hydra, a manticore, a yak, a sky beast (invisible), a big kobold and a bat skeleton.

Vanquished Creatures
  A wyvern (D)
  A yak (D)
  An ogre (D)
  A big kobold (D)
  A killer bee (D)
  A howler monkey (D)
  A crimson imp (D)
  A worker ant (D)
  An ooze (D)
  A dart slug (D)
  An orc (D)
  A quokka (D)
  A frilled lizard (D)
  A leopard gecko zombie (D)
  2 rats (D)
16 creatures vanquished.

Notes
Turn   | Place    | Note
-------+----------+-------------------------------------------
     0 | D        | potatolord6000 the Formicid Fighter began the quest for the Orb.
     0 | D        | Reached XP level 1. HP: 18/18 MP: 1/1
     4 | D        | Reached skill level 4 in Shields
     6 | D        | Reached XP level 2. HP: 25/25 MP: 2/2
    50 | D        | Noticed a crimson imp
    58 | D        | Reached skill level 5 in Shields
    58 | D        | Reached XP level 3. HP: 31/31 MP: 3/3
    63 | D        | Reached skill level 5 in Fighting
    63 | D        | Reached skill level 5 in Armour
    63 | D        | Reached skill level 6 in Shields
    63 | D        | Reached XP level 4. HP: 39/39 MP: 4/4
    70 | D        | Found a roughly hewn altar of Beogh.
    70 | D        | Found a snail-covered altar of Cheibriados.
    70 | D        | Found a shadowy altar of Dithmenos.
    70 | D        | Found a white marble altar of Elyvilon.
    70 | D        | Found a blossoming altar of Fedhas.
    70 | D        | Found an opulent altar of Gozag.
    71 | D        | Found a hazy altar of Hepliaklqana.
    72 | D        | Found a viscous altar of Jiyva.
    73 | D        | Found an ancient bone altar of Kikubaaqudgha.
    74 | D        | Found a corrupted altar of Lugonu.
    75 | D        | Found a burning altar of Makhleb.
    76 | D        | Found a sparkling altar of Nemelex Xobeh.
    77 | D        | Found an iron altar of Okawaru.
    78 | D        | Found a stormy altar of Qazlal.
    79 | D        | Became a worshipper of Hepliaklqana the Forgotten
    80 | D        | Found a sacrificial altar of Ru.
    81 | D        | Found a deep blue altar of Sif Muna.
    82 | D        | Found a bloodstained altar of Trog.
    83 | D        | Found a hide-covered altar of Uskayaw.
    84 | D        | Found a radiant altar of Vehumet.
    85 | D        | Found an ornate altar of the Wu Jian Council.
    86 | D        | Found a shimmering altar of Xom.
    87 | D        | Found a basalt altar of Yredelemnul.
    88 | D        | Found a glowing silver altar of Zin.
    89 | D        | Found a glowing golden altar of the Shining One.
   142 | D        | Noticed a yak
   142 | D        | Noticed a wyvern
   142 | D        | Noticed a big kobold
   142 | D        | Noticed an ogre
   146 | D        | Killed an ogre
   146 | D        | Reached skill level 5 in Staves
   146 | D        | Reached skill level 7 in Shields
   146 | D        | Reached XP level 5. HP: 42/42 MP: 5/5
   154 | D        | Killed a big kobold
   154 | D        | Reached skill level 8 in Shields
   154 | D        | Reached XP level 6. HP: 49/49 MP: 6/6
   163 | D        | Killed a wyvern
   163 | D        | Reached skill level 9 in Shields
   163 | D        | Reached XP level 7. HP: 51/56 MP: 7/7
   168 | D        | Killed a yak
   168 | D        | Reached skill level 10 in Shields
   251 | D        | Reached * piety under Hepliaklqana
   251 | D        | Noticed a manticore
   251 | D        | Noticed a yak
   251 | D        | Noticed a four-headed hydra
   254 | D        | HP: 1/57 [six-headed hydra (9)]
   254 | D        | Slain by a six-headed hydra

Vault maps used:
D:        linesprint

Skill      XL: |  1  2  3  4  5  6  7 |
---------------+----------------------+-----
Shields        | 4 5 6 7 8 9 10 | 10.0
Fighting       | 4 5 6 7 8 9 |  9.1
Armour         | 4 5 6 7 8 9 |  9.1
Staves         | 3 4 5 6 7 8 |  8.0

Action                   |  1- 3 |  4- 6 |  7- 9 || total
-------------------------+-------+-------+-------++-------
Melee: Quarterstaff      |    23 |       |       ||    23
       Lajatang          |       |    19 |     8 ||    27
  Use: Potion            |     1 |     1 |       ||     2
Armor: Scale mail        |     6 |     1 |     2 ||     9
Dodge: Dodged            |     4 |     7 |     3 ||    14
Block: Shield            |     8 |    13 |     4 ||    25

Table legend:
 A = Spawn XP
 B = Non-spawn XP
 C = Spawn XP percentage of total XP
 D = Spawn monster count
 E = Non-spawn monster count
 F = Spawn count percentage of total count
 G = Total turns spent on level
                    A         B        C        D         E        F      G
               +---------+---------+-------+---------+---------+-------+---------
         Total |       0 |     851 |   0.0 |       0 |      16 |   0.0 |   254
               +---------+---------+-------+---------+---------+-------+---------
             D |       0 |     851 |   0.0 |       0 |      16 |   0.0 |   254
               +---------+---------+-------+---------+---------+-------+---------
